 Dungeon Crawl Stone Soup version 0.17-a0-2147-gfb20a63 (webtiles) character file.

464320 ketsa the Devastator (level 23, -5/138 HPs)
             Began as a High Elf Fire Elementalist on Sept 30, 2015.
             Was the Champion of Sif Muna.
             Killed from afar by an ice dragon (44 damage)
             ... with a blast of cold
             ... on level 3 of the Depths on Oct 24, 2015.
             The game lasted 14:36:02 (111676 turns).

ketsa the Devastator (High Elf Fire Elementalist) Turns: 111676, Time: 14:36:02

Health: -5/138     AC: 21    Str:  5    XL:     23   Next: 42%
Magic:  3/56       EV: 23    Int: 35    God:    Sif Muna [******]
Gold:   3072       SH:  8    Dex: 24    Spells: 17 memorised, 0 levels left

rFire  + + +     SeeInvis +     j - staff of energy
rCold  . . .     Clarity  +     l - +4 mottled dragon armour
rNeg   + + +     SustAt   .     a - +2 buckler
rPois  .         Gourm    .     u - +2 helmet
rElec  .         Spirit   .     E - +2 cloak {MR+}
rCorr  +         Warding  .     Q - +2 pair of gloves {Dex+3}
rMut   .         Stasis   .     V - +0 pair of boots of Xassiq {rCorr Int+4}
MR     ++++.                    f - amulet of clarity
Stlth  +++++.....               C - ring "Olushrasa" {rF+++ rN+ Int+2 Dex+3}
                                Z - ring "Boli Egi" {rN++ MR+ MP+9 Str-2 SInv}

@: about to teleport, delayed fireball, repel missiles, incredibly resistant to
hostile enchantments, quite stealthy
A: yellow scales 1, deformed body, fire resistance 1, frail 1, wild magic 1
a: Channel Energy, Forget Spell, Renounce Religion, Release Delayed Fireball
}: 2/15 runes: decaying, gossamer


You were on level 3 of the Depths.
You worshipped Sif Muna.
Sif Muna was exalted by your worship.
You were very hungry.

You visited 11 branches of the dungeon, and saw 51 of its levels.
You visited 1 bazaar.
You also visited: Trove, Ossuary and Volcano.

You collected 5597 gold pieces.
You spent 2525 gold pieces at shops.

Inventory:

Hand Weapons
 q - the +1 quick blade of Interdependent Arising {freeze, rN+}
   (You found it in a treasure trove)

   It has been specially enchanted to freeze those struck by it, causing extra
   injury to most foes and up to half again as much damage against particularly
   susceptible opponents.
   It can also slow down cold-blooded creatures.
   It protects you from negative energy.
 w - the +3 Elemental Staff {rElec rF++ rC++ MR++ AC+5}
   (You found it on level 3 of the Elven Halls)

   It affects your AC (+5).
   It greatly protects you from fire.
   It greatly protects you from cold.
   It insulates you from electricity.
   It affects your resistance to hostile enchantments.
Armour
 a - a +2 buckler (worn)
 l - a +4 mottled dragon armour (worn)
 u - a +2 helmet (worn)
 E - a +2 cloak of magic resistance (worn)
 O - a +1 robe of magic resistance
 Q - a +2 pair of gloves of dexterity (worn)
 V - the +0 pair of boots of Xassiq (worn) {rCorr Int+4}
   (You found it on level 3 of the Elven Halls)

   It affects your intelligence (+4).
   It protects you from acid and corrosion.
Magical Staves
 j - an uncursed staff of energy (weapon)
Jewellery
 b - an uncursed amulet of resist corrosion
 f - an amulet of clarity (around neck)
 g - the ring "Lagaper" {SustAt rC+ rN+ Int+2}
   (You took it off an orc on level 4 of the Orcish Mines)

   [ring of sustain attributes]

   It sustains your strength, intelligence and dexterity.
   It affects your intelligence (+2).
   It protects you from cold.
   It protects you from negative energy.
 i - the amulet "Ufapn" {Ward rF+ rC++ rN+}
   (You took it off a deep elf mage on level 3 of the Elven Halls)

   [amulet of warding]

   It may prevent the melee attacks of summoned creatures.
   It protects you from fire.
   It greatly protects you from cold.
   It protects you from negative energy.
 k - an uncursed ring of fire
 v - the ring of Miyxt {+/*Tele rC+ Int+7 Dex-4}
   (You took it off a deep elf annihilator on level 3 of the Elven Halls)

   [ring of teleportation]

   It may teleport you to nearby monsters, and can be evoked to randomly
   teleport.
   It affects your intelligence (+7).
   It affects your dexterity (-4).
   It protects you from cold.
 C - the ring "Olushrasa" (right hand) {rF+++ rN+ Int+2 Dex+3}
   (You found it on level 3 of the Vaults)

   [ring of dexterity]

   It affects your intelligence (+2).
   It affects your dexterity (+3).
   It renders you almost immune to fire.
   It protects you from negative energy.
 J - the ring "Ugratz" {SustAt +Inv rElec}
   (You took it off a deep elf death mage on level 3 of the Elven Halls)

   [ring of sustain attributes]

   It sustains your strength, intelligence and dexterity.
   It insulates you from electricity.
   It lets you turn invisible.
 L - an uncursed ring of protection from magic
 M - an uncursed ring of magical power
 S - an uncursed amulet of regeneration
 Z - the ring "Boli Egi" (left hand) {rN++ MR+ MP+9 Str-2 SInv}
   (You took it off a deep elf annihilator on level 3 of the Elven Halls)

   [ring of magical power]

   It affects your strength (-2).
   It greatly protects you from negative energy.
   It affects your resistance to hostile enchantments.
   It affects your magic capacity (+9).
   It lets you see invisible.
Wands
 A - a wand of hasting (4)
 X - a wand of digging (14)
 Y - a wand of disintegration (9)
Scrolls
 d - 3 scrolls of magic mapping
 h - 11 scrolls of recharging
 p - 3 scrolls of summoning
 s - 19 scrolls of remove curse
 B - 4 scrolls of fear
 D - 10 scrolls of identify
 R - 3 scrolls of teleportation
Potions
 n - 4 potions of heal wounds
 o - 20 potions of curing
 r - 2 potions of resistance
 x - 10 potions of lignification
 G - 5 potions of invisibility
 I - 2 potions of magic
 N - 2 potions of brilliance
 U - 4 potions of haste
Miscellaneous
 y - a phantom mirror
 H - a lamp of fire
 P - a fan of gales
Comestibles
 c - 17 bread rations


   Skills:
 + Level 12.2 Fighting
 - Level 6.0 Short Blades
 - Level 2.8 Staves
 - Level 5.0 Armour
 - Level 14.0 Dodging
 - Level 10.0 Stealth
 - Level 5.0 Shields
 + Level 19.0 Spellcasting
 + Level 20.0 Conjurations
 + Level 2.6 Hexes
 - Level 8.0 Charms
 - Level 3.5 Summonings
 - Level 1.1 Necromancy
 + Level 6.9 Translocations
 + Level 18.6 Fire Magic
 - Level 7.0 Air Magic
 - Level 6.5 Poison Magic
 - Level 14.2 Invocations
 - Level 5.1 Evocations


You couldn't memorise any spells.
You knew the following spells:

 Your Spells              Type           Power        Failure   Level  Hunger
a - Orb of Destruction    Conj           ########..   2%          7    None
b - Throw Flame           Conj/Fire      ######       1%          2    None
c - Conjure Flame         Conj/Fire      ########     1%          3    None
d - Sticky Flame          Conj/Fire      ########     1%          4    None
e - Fireball              Conj/Fire      ########..   1%          5    None
f - Repel Missiles        Chrm/Air       ######       1%          2    None
g - Blink                 Tloc           N/A          1%          2    None
h - Bolt of Fire          Conj/Fire      ########..   1%          6    None
i - Mephitic Cloud        Conj/Pois/Air  ########     1%          3    None
j - Lightning Bolt        Conj/Air       ########..   1%          5    None
k - Delayed Fireball      Conj/Fire      N/A          3%          7    None
l - Regeneration          Chrm/Necr      #######...   3%          3    None
m - Poisonous Cloud       Conj/Pois/Air  ########..   9%          6    None
n - Apportation           Tloc           #######...   1%          1    None
o - Summon Butterflies    Summ           ######..     2%          1    None
p - Iskenderun's Battles  Conj/Chrm      ########     1%          5    None
q - Gell's Gravitas       Hex/Tloc       #######...   3%          3    None


Dungeon Overview and Level Annotations

Branches:
Dungeon (15/15)            Temple (1/1) D:4            Lair (8/8) D:8
  Swamp (4/4) Lair:6       Spider (4/4) Lair:4        Slime (3/6) Lair:6
    Orc (4/4) D:12            Elf (3/3) Orc:3        Vaults (4/5) D:14
  Crypt (1/3) Vaults:2     Depths (4/5) D:15

Altars:
Ashenzari
Cheibriados
Dithmenos
Elyvilon
Fedhas
Gozag
Kikubaaqudgha
Makhleb
Nemelex Xobeh
Okawaru
Qazlal
Ru
Sif Muna
Trog
Vehumet
Xom
Yredelemnul
Zin
The Shining One
Beogh

Shops:
D:4 !   D:7 [   D:8 :   D:9 [   Orc:4 ?*%}   Elf:1 (   Vaults:2 ?   Vaults:3 %
Depths:2 =*=:

Portals:
Hell: Depths:1 Depths:2 Depths:3
Abyss: Depths:2
Pandemonium: Depths:3

Annotations:
D:10 Alipheese's ghost, powerful NaBe
D:12 exclusion: downstairs
Spider:2 exclusion: downstairs
Slime:2 exclusion: downstairs
Orc:1 exclusion: downstairs
Orc:2 exclusion: downstairs
Orc:3 achirane's ghost, powerful TrTm
Elf:2 5 runed doors
Elf:3 1 exclusion
Vaults:2 exclusion: downstairs
Vaults:3 exclusion: downstairs
Vaults:4 exclusion: 2 downstairs
Depths:3 exclusion: downstairs


Innate Abilities, Weirdness & Mutations

You are partially covered in yellow scales (AC +2).
Armour fits poorly on your strangely shaped body.
Your flesh is heat resistant.
You are frail (-10% HP).
Your spells are a little harder to cast, but a little more powerful.


Message History

Aim: a juggernaut (heavily wounded)
The wavering orb of destruction hits the juggernaut.
The juggernaut is severely wounded.
A fire giant comes into view.
It is wielding a great sword of flaming.
The fire giant shouts!
The juggernaut hits you!!!!
Ouch! That really hurt!
* * * LOW HITPOINT WARNING * * *
The ice dragon breathes frost at you. The blast of cold misses you.
Read which item? (? for menu, Esc to quit)
Okay, then.
Drink which item? (? for menu, Esc to quit)
You feel much better.
Read which item? (? for menu, Esc to quit)
As you read the scroll of teleportation, it crumbles to dust.
You feel strangely unstable. The ice dragon breathes frost at you.
The blast of cold hits you!
You die...

.....'.......## #.#
#.........### ..(..##.###|..#
#.###....<....# .....##.#
##)####...#....?....# ....D##.#
#...[....'.........#
.....##.####'.#####'#.........#
##'####.#...CD......)..####'###
#..# #.#..............'....#
#.#####.#<(([..........####.#
#.......'......C@......# #.#
#.#####.#..............# ###
..# ###......[.......# ###
#..............#
#..............#
################


You could see a juggernaut, a fire giant and an ice dragon.

Vanquished Creatures
  2 juggernauts (Depths:3)
  A caustic shrike (Depths:3)
  Nikola (Elf:3)
  A golden dragon (Depths:3)
  Rupert (Orc:2)
  A tentacled monstrosity (Vaults:3)
  2 deep elf blademasters (Elf:3)
  2 deep elf master archers (Elf:3)
  A tengu reaver (Depths:3)
  A revenant (Crypt:1)
  The ghost of MordorOrchid the Severer, an adept OpBe of Trog (Spider:3)
  3 fire giants
  Wiglaf (Spider:2)
  The ghost of fredomojojo the Whirler, an adept FoFi of Trog (Elf:2)
  5 frost giants
  6 deep elf sorcerers
  2 azure jellies
  7 vault wardens
  Maud (Lair:4)
  2 orc warlords (Orc:4)
  Aizul (Swamp:1)
  3 ghost moths
  Louise (Spider:2)
  The ghost of Goblin1989 the Brawler, an adept VSMo of Dithmenos (Spider:1)
  2 iron dragons (Depths:3)
  A curse skull (Crypt:1)
  A cacodemon (Depths:3)
  4 emperor scorpions
  15 ironheart preservers
  4 ghouls
  16 very ugly things
  14 stone giants
  A death ooze (Swamp:4)
  9 deep elf demonologists
  3 vampire knights
  8 deep elf annihilators
  12 fire dragons
  2 green deaths (Swamp:4)
  8 deep elf death magi
  10 ettins
  2 eidola (Crypt:1)
  3 great orbs of eyes
  Josephine (D:14)
  The ghost of Alipheese the Spear-Bearer, a journeyman NaBe of Trog (D:10)
  The ghost of 4thArraOfDagon the Severer, a journeyman HOBe of Trog (D:13)
  4 deep elf high priests
  10 entropy weavers
  4 rakshasas
  An ice dragon (shapeshifter) (Depths:1)
  The ghost of achirane the Grappler, a journeyman TrTm of Okawaru (Orc:3)
  11 yaktaur captains
  4 ice dragons
  2 spriggan air magi (Depths:3)
  A catoblepas (Lair:8)
  A death knight (Vaults:2)
  21 hydras
  Erica (D:8)
  16 ogre magi
  14 centaur warriors
  A ghost crab (Swamp:4)
  A dancing weapon (Elf:2)
  6 deep troll earth magi
  5 tengu warriors
  10 deep troll shamans
  7 death yaks (Lair:8)
  6 orc high priests
  A thrashing horror (Swamp:4)
  13 alligators
  14 deep elf knights
  Urug (D:14)
  A fire crab (Vaults:1)
  A spriggan berserker (Depths:3)
  A sun demon (Depths:2)
  Sonja (D:13)
  16 hell knights
  2 large abominations (Swamp:4)
  4 wizards
  A shadow wraith (Vaults:4)
  3 skeletal warriors
  5 giant orange brains
  14 ironbrand convokers
  5 unseen horrors
  7 iron trolls
  An anaconda skeleton (Crypt:1)
  7 swamp dragons
  6 shambling mangroves
  A giant orange brain (shapeshifter) (Elf:3)
  13 deep elf summoners
  17 orc knights
  A flayed ghost (Depths:2)
  30 deep trolls
  Pikel (D:6)
  A mana viper (shapeshifter) (Elf:3)
  9 hill giants
  7 necromancers
  A manticore (shapeshifter) (Vaults:1)
  A harpy (Vaults:2)
  19 deep elf conjurers
  60 ugly things
  13 orb spiders
  3 phantasmal warriors
  An oklob plant (Lair:1)
  39 wolf spiders
  7 griffons
  A fire giant zombie (Crypt:1)
  3 shining eyes
  2 sixfirhies (Depths:3)
  2 frost giant zombies (Crypt:1)
  An orc sorcerer (Orc:4)
  A shining eye (shapeshifter) (Depths:3)
  19 vault sentinels
  6 cyclopes
  8 hornets
  9 black mambas
  3 moths of wrath
  Maurice (D:8)
  A stone giant skeleton (Crypt:1)
  A guardian serpent (shapeshifter) (Depths:1)
  A manticore (D:14)
  15 elephants
  3 orange demons
  2 torpor snails
  24 spiny frogs
  A gargoyle (D:14)
  A yaktaur zombie (Depths:1)
  9 demonic crawlers
  2 kobold demonologists (Vaults:2)
  The ghost of esc the Insei, an experienced OpTm (D:5)
  2 fire drakes
  8 komodo dragons
  39 yaktaurs
  2 guardian mummies (Crypt:1)
  A yaktaur skeleton (Depths:1)
  4 spriggan druids
  18 deep elf priests
  4 tengu conjurers
  20 trolls
  A hydra zombie (Crypt:1)
  28 jumping spiders
  5 giant leeches
  A troll (shapeshifter) (D:13)
  7 polar bears
  Grinder (D:3)
  A tengu simulacrum (Vaults:3)
  5 freezing wraiths
  92 slime creatures
  2 jumping spiders (shapeshifter)
  A hornet zombie (D:13)
  42 blink frogs
  32 two-headed ogres
  7 boulder beetles
  4 vampires
  12 bog bodies
  A slime creature (shapeshifter) (Depths:1)
  18 spriggans
  26 trapdoor spiders
  An ice dragon skeleton (Crypt:1)
  9 wraiths
  A trapdoor spider (shapeshifter) (Vaults:1)
  52 yaks
  A deep troll skeleton (Depths:1)
  28 tarantellas
  A tarantella (shapeshifter) (Depths:1)
  59 redbacks
  5 basilisks
  6 shadows
  26 deep elf magi
  A human simulacrum (Vaults:3)
  A salamander simulacrum (Vaults:3)
  Eustachio (D:5)
  9 wargs
  12 water elementals
  3 mottled dragons
  A golden eye (shapeshifter) (Vaults:3)
  Grum (D:8)
  2 wyverns
  16 hippogriffs
  2 hippogriffs (shapeshifter)
  23 swamp worms
  31 vampire mosquitoes
  32 deep elf fighters
  41 wolves
  A hill giant skeleton (Crypt:1)
  2 hungry ghosts
  13 insubstantial wisps
  A steam dragon (shapeshifter) (Depths:3)
  A soldier ant (D:10)
  Duvessa (D:4)
  14 black bears
  20 porcupines
  An eye of draining (shapeshifter) (Vaults:1)
  2 ice beasts
  A tengu (shapeshifter) (Depths:1)
  15 water moccasins
  10 swamp drakes
  4 sky beasts
  44 spiders
  20 wasps
  4 slaves (D:6)
  2 phantoms (D:9)
  A snapping turtle zombie (Crypt:1)
  68 orc warriors
  17 centaurs
  8 necrophages
  4 eyes of draining
  59 ogres
  A snapping turtle skeleton (Crypt:1)
  14 boggarts
  An ettin simulacrum (Vaults:3)
  The ghost of tp1 the Covered, an average GrBe of Trog (D:3)
  A small abomination (Swamp:4)
  22 crocodiles
  15 giant frogs
  Dowan (D:4)
  A wyvern skeleton (D:14)
  19 scorpions
  An orc simulacrum (Vaults:2)
  12 wights
  11 killer bees
  4 electric eels
  4 crimson imps
  4 human zombies
  9 centaur zombies
  51 orc priests
  3 giant frog skeletons
  60 orc wizards
  5 jellies
  Crazy Yiuf (D:4)
  7 iguanas
  7 centaur skeletons
  A demonspawn skeleton (Crypt:1)
  4 human skeletons
  10 hounds
  18 sheep
  3 hell rats (Lair:1)
  16 worker ants
  2 killer bee zombies
  2 big kobold zombies (Ossuary)
  A hound zombie (D:8)
  A naga skeleton (Crypt:1)
  2 hound skeletons
  6 mummies
  A worker ant zombie (D:5)
  42 river rats
  14 adders
  3 scorpion zombies (Ossuary)
  6 shadow imps
  An ooze (D:1)
  An adder skeleton (D:9)
  An adder zombie (D:8)
  An iguana skeleton (Crypt:1)
  10 worms
  A worm (shapeshifter) (D:13)
  9 giant geckos
  312 orcs
  A ball python (D:6)
  A bat (D:3)
  A bat skeleton (Crypt:1)
  A gnoll zombie (Ossuary)
  13 goblins
  4 hobgoblins
  13 jackals
  8 kobolds
  13 quokkas
  10 giant cockroaches
  A giant gecko skeleton (D:4)
  A giant gecko zombie (D:9)
  9 giant newts
  3 goblin zombies (Ossuary)
  2 hobgoblin zombies (Ossuary)
  A quokka skeleton (D:4)
  22 rats
  6 bushes
  3 fungi
  3 plants
2639 creatures vanquished.

Vanquished Creatures (collateral kills)
  the Lernaean hydra (Swamp:4)
  An ogre mage (Vaults:1)
  A griffon (Vaults:1)
  An orc (Orc:4)
4 creatures vanquished.

Vanquished Creatures (others)
  A wolf spider (Vaults:2)
  2 slime creatures
  3 vampire mosquitoes (Vaults:2)
  An ogre (Vaults:2)
  An orc zombie (Ossuary)
  2 bushes
  20 fungi
  47 plants
77 creatures vanquished.

Grand Total: 2720 creatures vanquished

Notes
Turn   | Place    | Note
--------------------------------------------------------------
     0 | D:1      | ketsa the High Elf Fire Elementalist began the quest for the Orb.
     0 | D:1      | Reached XP level 1. HP: 11/11 MP: 4/4
   717 | D:1      | Reached XP level 2. HP: 10/17 MP: 6/6
   721 | D:1      | Learned a level 2 spell: Throw Flame
  1490 | D:2      | Found a faded altar to an unknown god.
  1754 | D:2      | Reached XP level 3. HP: 16/21 MP: 2/7
  2824 | D:2      | Found a glowing golden altar of the Shining One.
  3151 | D:3      | Reached XP level 4. HP: 27/27 MP: 5/8
  3157 | D:3      | Learned a level 3 spell: Conjure Flame
  3369 | D:3      | Noticed tp1's ghost (average GrBe)
  3496 | D:3      | Noticed Grinder
  3564 | D:4      | Found a staircase to the Ecumenical Temple.
  3571 | Temple   | Entered the Ecumenical Temple
  3663 | Temple   | Became a worshipper of Sif Muna the Loreminder
  3753 | D:4      | Found Hoynaqis's Distillery.
  3844 | D:4      | Bought 2 potions of heal wounds for 140 gold pieces
  3896 | D:4      | Reached skill level 1 in Short Blades
  3896 | D:4      | Reached skill level 4 in Fire Magic
  3896 | D:4      | Reached XP level 5. HP: 31/31 MP: 6/10
  4611 | D:4      | Reached XP level 6. HP: 36/36 MP: 1/11
  5012 | D:4      | Noticed Duvessa
  5012 | D:4      | Noticed Dowan
  5113 | D:3      | Found a shadowy altar of Dithmenos.
  5127 | D:3      | Noticed a centaur
  5135 | D:3      | Killed a centaur
  5135 | D:3      | Reached piety under Sif Muna
  5552 | D:3      | Killed tp1's ghost
  5825 | D:3      | Paralysed by Grinder for 3 turns
  5831 | D:3      | Paralysed by Grinder for 6 turns
  6151 | D:4      | Noticed Crazy Yiuf
  6168 | D:4      | Killed Crazy Yiuf
  6168 | D:4      | Reached skill level 1 in Invocations
  6168 | D:4      | Reached XP level 7. HP: 41/41 MP: 11/13
  6582 | D:5      | Entered Level 5 of the Dungeon
  6800 | D:5      | Noticed esc's ghost (experienced OpTm)
  7004 | D:5      | Noticed Eustachio
  7011 | D:5      | Learned a level 4 spell: Sticky Flame
  7164 | D:6      | Reached skill level 5 in Fire Magic
  7528 | D:6      | Reached skill level 5 in Conjurations
  7708 | D:6      | Found a sand-covered staircase.
  7714 | Ossuary  | Entered an ossuary
  7922 | Ossuary  | Reached XP level 8. HP: 46/46 MP: 10/15
  8091 | Ossuary  | Reached * piety under Sif Muna
  8566 | Ossuary  | Reached skill level 6 in Conjurations
  8703 | Ossuary  | Reached skill level 5 in Spellcasting
  9405 | D:6      | Noticed Pikel
  9776 | D:5      | Learned a level 5 spell: Fireball
 10079 | D:5      | Reached skill level 5 in Short Blades
 10397 | D:5      | Reached skill level 1 in Fighting
 10410 | D:5      | Upgraded the game from 0.17-a0-1945-gfe993df to 0.17-a0-1946-gfb768fe
 10598 | D:6      | Found a basalt altar of Yredelemnul.
 10688 | D:6      | Reached skill level 7 in Conjurations
 10688 | D:6      | Reached XP level 9. HP: 48/53 MP: 9/17
 11112 | D:5      | Killed Eustachio
 11444 | D:6      | Reached skill level 5 in Invocations
 12195 | D:7      | Found a shadowy altar of Dithmenos.
 12232 | D:6      | Reached skill level 8 in Conjurations
 13173 | D:6      | Upgraded the game from 0.17-a0-1946-gfb768fe to 0.17-a0-1951-g62301d3
 13232 | D:7      | Reached skill level 9 in Conjurations
 13571 | D:7      | Found Ratanyc's Armour Shoppe.
 13727 | D:7      | Found a burning altar of Makhleb.
 13728 | D:7      | Found a shimmering altar of Xom.
 13757 | D:8      | Reached *** piety under Sif Muna
 13757 | D:8      | Reached XP level 10. HP: 35/61 MP: 18/18
 13896 | D:8      | Found a staircase to the Lair.
 13943 | Lair:1   | Entered Level 1 of the Lair of Beasts
 14142 | D:8      | Noticed Grum
 14340 | D:8      | Killed Grum
 14448 | D:8      | Identified the Reference Book on Earth (You found it on level 8 of the Dungeon)
 14548 | D:8      | Noticed Erica
 14584 | D:8      | Killed Erica
 14789 | D:8      | Found Dagaiv's Book Shop.
 14810 | D:8      | Noticed Maurice
 14822 | D:8      | Killed Maurice
 15475 | Lair:1   | Noticed an oklob plant
 16054 | Lair:1   | Reached skill level 5 in Fighting
 16359 | Lair:1   | Noticed a five-headed hydra
 16407 | Lair:1   | Killed a five-headed hydra
 16407 | Lair:1   | Reached skill level 5 in Dodging
 16407 | Lair:1   | Reached skill level 10 in Conjurations
 17223 | Lair:1   | Reached XP level 11. HP: 43/69 MP: 13/22
 18478 | Lair:2   | Identified a scroll of acquirement
 19091 | Lair:2   | Noticed a four-headed hydra
 19297 | Lair:2   | Killed a four-headed hydra
 20007 | D:5      | Killed esc's ghost
 20007 | D:5      | Reached skill level 11 in Conjurations
 20243 | D:4      | Killed Duvessa
 20245 | D:4      | Killed Dowan
 20245 | D:4      | Received a gift from Sif Muna
 20248 | D:4      | Identified Sif Muna's Catalogue of the Hurtful Arsonist (Sif Muna gifted it to you on level 4 of the Dungeon)
 20322 | D:3      | Found a bloodstained altar of Trog.
 20376 | D:3      | Killed Grinder
 20667 | D:6      | Killed Pikel
 21037 | D:9      | Found a radiant altar of Vehumet.
 21057 | D:10     | Entered Level 10 of the Dungeon
 21254 | D:11     | Noticed an unseen horror
 21254 | D:11     | Noticed an unseen horror
 21262 | D:10     | Killed an unseen horror
 21350 | D:10     | Noticed Alipheese's ghost (powerful NaBe)
 21394 | D:10     | Noticed a hill giant
 21399 | D:10     | Killed a hill giant
 21744 | D:10     | Reached skill level 10 in Fire Magic
 22468 | D:10     | Reached XP level 12. HP: 75/75 MP: 14/25
 22513 | D:9      | Upgraded the game from 0.17-a0-1951-g62301d3 to 0.17-a0-1954-g0dddeaa
 22682 | D:9      | Found Sentikhu's Antique Armour Shoppe.
 22690 | D:9      | Bought a pair of bloodstained boots for 218 gold pieces
 22696 | D:9      | Identified the +1 pair of boots of the Duke {Dex+3} (You bought it in a shop on level 9 of the Dungeon)
 22977 | D:9      | Reached skill level 1 in Staves
 23315 | D:9      | Found a blossoming altar of Fedhas.
 23560 | D:11     | Noticed a hill giant
 23566 | D:11     | Killed a hill giant
 23664 | D:11     | Noticed an unseen horror
 23672 | D:11     | Killed an unseen horror
 23709 | D:11     | Noticed a six-headed hydra
 23715 | D:11     | Killed a six-headed hydra
 23804 | D:11     | Killed an unseen horror
 24093 | D:11     | Reached skill level 12 in Conjurations
 24497 | D:12     | Reached skill level 1 in Evocations
 24579 | D:12     | Found a staircase to the Orcish Mines.
 24585 | Orc:1    | Entered Level 1 of the Orcish Mines
 24853 | Orc:2    | Noticed Rupert
 25244 | Orc:2    | Found Gaumot's Antique Weapon Shop.
 25275 | Orc:2    | Learned a level 2 spell: Repel Missiles
 25282 | Orc:2    | Learned a level 2 spell: Blink
 25289 | Orc:2    | Learned a level 6 spell: Bolt of Fire
 25615 | Orc:3    | Noticed achirane's ghost (powerful TrTm)
 25643 | Orc:2    | Reached skill level 1 in Translocations
 25643 | Orc:2    | Reached skill level 1 in Air Magic
 25738 | Orc:2    | Received a gift from Sif Muna
 25738 | Orc:2    | Reached skill level 1 in Charms
 25741 | Orc:2    | Identified Sif Muna's Disquisition on Scorching Conjuration (Sif Muna gifted it to you on level 2 of the Orcish Mines)
 25773 | Orc:2    | Upgraded the game from 0.17-a0-1954-g0dddeaa to 0.17-a0-1979-g1c74939
 25779 | Orc:2    | Learned a level 3 spell: Mephitic Cloud
 25957 | Orc:4    | Entered Level 4 of the Orcish Mines
 26354 | Orc:1    | Found a roughly hewn altar of Beogh.
 27329 | D:12     | Reached skill level 1 in Armour
 27337 | D:12     | Reached skill level 1 in Poison Magic
 27830 | D:12     | Reached XP level 13. HP: 81/81 MP: 16/27
 30162 | Lair:4   | Noticed Maud
 30410 | Lair:5   | Found a deep blue altar of Sif Muna.
 32126 | Lair:6   | Received a gift from Sif Muna
 32127 | Lair:6   | Identified Lehudib's Disquisition on Combat Magic (Sif Muna gifted it to you on level 6 of the Lair of Beasts)
 32174 | Lair:6   | Upgraded the game from 0.17-a0-1979-g1c74939 to 0.17-a0-1987-gaf5a542
 32207 | Lair:5   | Reached skill level 10 in Spellcasting
 32295 | Lair:5   | Upgraded the game from 0.17-a0-1987-gaf5a542 to 0.17-a0-1996-gd2c0ec8
 32295 | Lair:5   | Upgraded the game from 0.17-a0-1996-gd2c0ec8 to 0.17-a0-2002-g92c7e20
 32295 | Lair:5   | Upgraded the game from 0.17-a0-2002-g92c7e20 to 0.17-a0-2014-g32cd421
 32295 | Lair:5   | Upgraded the game from 0.17-a0-2014-g32cd421 to 0.17-a0-2027-gcac42c4
 32413 | Lair:7   | Found a dark tunnel.
 32425 | Volcano  | Entered a volcano
 32794 | Lair:8   | Entered Level 8 of the Lair of Beasts
 34628 | D:11     | Reached XP level 14. HP: 90/90 MP: 29/29
 35108 | Orc:4    | Noticed an orc warlord
 35128 | Orc:4    | Noticed an orc warlord
 35489 | Orc:4    | Reached skill level 5 in Stealth
 35997 | Orc:4    | Found a burning altar of Makhleb.
 36033 | Orc:3    | Found a staircase to the Elven Halls.
 36079 | Elf:1    | Entered Level 1 of the Elven Halls
 37116 | Lair:2   | Upgraded the game from 0.17-a0-2027-gcac42c4 to 0.17-a0-2064-g265a032
 37144 | Lair:2   | Reached skill level 13 in Conjurations
 37198 | Lair:2   | Gained mutation: Your flesh is heat resistant. [potion of beneficial mutation]
 37199 | Lair:2   | Gained mutation: You are partially covered in yellow scales (AC +2). [potion of beneficial mutation]
 37336 | Lair:4   | Killed Maud
 38060 | Lair:4   | Found a hole to the Spider Nest.
 38067 | Spider:1 | Entered Level 1 of the Spider Nest
 38080 | Spider:1 | Noticed Goblin1989's ghost (adept VSMo)
 38166 | Lair:4   | Received a gift from Sif Muna
 38537 | Lair:6   | Reached skill level 10 in Dodging
 38667 | Lair:6   | Found a staircase to the Slime Pits.
 38671 | Slime:1  | Entered Level 1 of the Pits of Slime
 39124 | Lair:6   | Found a staircase to the Swamp.
 39272 | Swamp:1  | Entered Level 1 of the Swamp
 40332 | Lair:8   | Reached XP level 15. HP: 98/98 MP: 10/31
 42206 | Lair:6   | Received a gift from Sif Muna
 42212 | Lair:6   | Identified Sif Muna's Papyrus of Arcane Weapons (Sif Muna gifted it to you on level 6 of the Lair of Beasts)
 42369 | Lair:1   | Learned a level 5 spell: Lightning Bolt
 42381 | Lair:1   | Learned a level 7 spell: Delayed Fireball
 42601 | Orc:3    | Killed achirane's ghost
 43182 | Orc:4    | Got a warped platinum ring
 43240 | Orc:4    | Killed an orc warlord
 43240 | Orc:4    | Reached skill level 14 in Conjurations
 43360 | Orc:4    | Killed an orc warlord
 43719 | Orc:4    | Reached skill level 5 in Air Magic
 43864 | Orc:4    | Reached skill level 10 in Invocations
 43890 | Orc:4    | Found Hadampi's Gadget Shop.
 43890 | Orc:4    | Found Vicen's Magic Scroll Shop.
 43891 | Orc:4    | Found Iriam's Food Shop.
 43891 | Orc:4    | Found Gaan's Assorted Antiques.
 43901 | Orc:4    | Bought a hardcover book for 450 gold pieces
 43902 | Orc:4    | Bought a scroll of fear for 49 gold pieces
 43902 | Orc:4    | Bought a scroll of teleportation for 42 gold pieces
 44683 | D:10     | Killed Alipheese's ghost
 45011 | D:13     | Noticed a centaur warrior
 45277 | D:13     | Noticed 4thArraOfDagon's ghost (journeyman HOBe)
 45363 | D:13     | Noticed Sonja
 45404 | D:13     | Reached skill level 5 in Charms
 45532 | D:13     | Killed a centaur warrior
 46060 | D:13     | Killed 4thArraOfDagon's ghost
 46714 | D:14     | Noticed Josephine
 46717 | D:14     | Killed Josephine
 46735 | D:13     | Killed Sonja
 47001 | D:14     | Identified the ring "Lagaper" {SustAt rC+ rN+ Int+2} (You took it off an orc on level 4 of the Orcish Mines)
 47063 | D:14     | Reached XP level 16. HP: 64/106 MP: 20/33
 47414 | D:15     | Entered Level 15 of the Dungeon
 47640 | D:14     | Noticed Urug
 47655 | D:14     | Killed Urug
 47655 | D:14     | Received a gift from Sif Muna
 47693 | D:14     | Learned a level 3 spell: Regeneration
 48044 | D:15     | Found a staircase to the Depths.
 48065 | Depths:1 | Entered Level 1 of the Depths
 48116 | D:15     | Reached skill level 1 in Necromancy
 48737 | D:15     | Upgraded the game from 0.17-a0-2064-g265a032 to 0.17-a0-2069-g0f4ee5b
 49232 | D:14     | Got a twisted scale mail
 49243 | D:14     | Identified the cursed +1 scale mail of the Swamp {Str+3 Dex+2 SInv} (You found it on level 14 of the Dungeon)
 49495 | D:14     | Upgraded the game from 0.17-a0-2069-g0f4ee5b to 0.17-a0-2073-gde5cdba
 49563 | D:14     | Reached skill level 5 in Armour
 50041 | D:14     | Found a gate to the Vaults.
 50505 | D:7      | Bought a +2 leather armour of poison resistance for 208 gold pieces
 50698 | Spider:1 | Noticed an emperor scorpion
 50704 | Spider:1 | Killed an emperor scorpion
 50704 | Spider:1 | Reached skill level 15 in Conjurations
 51009 | Spider:2 | Received a gift from Sif Muna
 51009 | Spider:2 | Reached skill level 5 in Translocations
 51012 | Spider:2 | Identified Sif Muna's Guide on Creative Blows and Bruises (Sif Muna gifted it to you on level 2 of the Spider Nest)
 51579 | Swamp:1  | Noticed Aizul
 52663 | Lair:7   | Upgraded the game from 0.17-a0-2073-gde5cdba to 0.17-a0-2093-gc772f4b
 52903 | Spider:2 | Noticed Louise
 53120 | Spider:2 | Killed Louise
 53520 | Spider:2 | Noticed Wiglaf
 53734 | Spider:1 | Upgraded the game from 0.17-a0-2093-gc772f4b to 0.17-a0-2098-gf59d6bc
 54253 | Lair:4   | Reached XP level 17. HP: 79/111 MP: 33/35
 54826 | Orc:2    | Killed Rupert
 55390 | Orc:4    | Bought a silver wand for 120 gold pieces
 55390 | Orc:4    | Bought an encrusted glass wand for 120 gold pieces
 55904 | Orc:3    | Learned a level 5 spell: Iskenderun's Battlesphere
 57506 | Spider:2 | Killed Wiglaf
 58392 | Spider:4 | Entered Level 4 of the Spider Nest
 59134 | Spider:3 | Received a gift from Sif Muna
 59312 | Spider:3 | Identified Sif Muna's Collected Works on Assistive Attacks (Sif Muna gifted it to you on level 3 of the Spider Nest)
 59358 | Spider:3 | Learned a level 7 spell: Orb of Destruction
 59780 | Spider:3 | Noticed MordorOrchid's ghost (adept OpBe)
 60003 | Spider:3 | Killed MordorOrchid's ghost
 60863 | Spider:1 | Killed Goblin1989's ghost
 62261 | Spider:3 | Reached skill level 1 in Shields
 62443 | Spider:3 | Upgraded the game from 0.17-a0-2098-gf59d6bc to 0.17-a0-2109-g117576f
 64187 | Swamp:1  | Killed Aizul
 64875 | Swamp:2  | Reached skill level 16 in Conjurations
 65488 | Swamp:2  | Reached skill level 10 in Fighting
 66029 | Swamp:2  | Reached XP level 18. HP: 120/120 MP: 4/37
 67325 | Swamp:4  | Entered Level 4 of the Swamp
 67610 | Swamp:3  | Received a gift from Sif Muna
 67691 | Swamp:3  | Identified Sif Muna's Disquisition on Confrontation (Sif Muna gifted it to you on level 3 of the Swamp)
 67826 | Swamp:3  | Upgraded the game from 0.17-a0-2109-g117576f to 0.17-a0-2118-g63bad21
 67826 | Swamp:3  | Upgraded the game from 0.17-a0-2118-g63bad21 to 0.17-a0-2122-g03d97ec
 68318 | Swamp:4  | Reached skill level 5 in Shields
 70321 | Swamp:4  | Noticed the 27-headed Lernaean hydra
 70788 | Swamp:4  | Killed the 27-headed Lernaean hydra
 70788 | Swamp:4  | Reached skill level 15 in Fire Magic
 71142 | Swamp:4  | Reached skill level 15 in Spellcasting
 72422 | Swamp:4  | Received a gift from Sif Muna
 72423 | Swamp:4  | Identified Aplak's Papyrus of Dislocated Attacks (Sif Muna gifted it to you on level 4 of the Swamp)
 72841 | Swamp:4  | Got a decaying rune of Zot
 73398 | Swamp:1  | Got a steaming dagger
 73399 | Swamp:1  | Identified the cursed +0 dagger "Noluh" {venom, +Blink Int+2 Dex+2} (You found it on level 1 of the Swamp)
 74542 | Lair:1   | Killed an oklob plant
 76969 | Spider:3 | Reached skill level 17 in Conjurations
 77307 | Spider:4 | Reached XP level 19. HP: 126/126 MP: 34/39
 77857 | Spider:4 | Got a gossamer rune of Zot
 78087 | Lair:1   | Upgraded the game from 0.17-a0-2122-g03d97ec to 0.17-a0-2127-g1cb09f6
 78318 | Vaults:1 | Entered Level 1 of the Vaults
 78846 | Vaults:1 | Received a gift from Sif Muna
 78847 | Vaults:1 | Identified Seismaod's Catalogue of Harmful Toxins (Sif Muna gifted it to you on level 1 of the Vaults)
 81016 | Vaults:2 | Found a portal to a secret trove of treasure.
 81161 | Vaults:1 | Reached skill level 5 in Evocations
 81257 | Vaults:2 | Found a flickering gateway to a bazaar.
 81269 | Vaults:2 | Gained mutation: Your spells are a little harder to cast, but a little more powerful. [potion of beneficial mutation]
 81272 | Bazaar   | Entered a bazaar
 81274 | Bazaar   | Found Gimier's General Store.
 81282 | Bazaar   | Found Muucsu's Book Shop.
 81320 | Bazaar   | Found Gaxeuf's Antique Armour Emporium.
 81328 | Bazaar   | Bought a faintly humming robe for 102 gold pieces
 81340 | Bazaar   | Identified the +1 robe of Fun {rC- rCorr Str+3 Int+6} (You bought it in a shop in a bazaar)
 81352 | Bazaar   | Found Damut's Book Boutique.
 81388 | Bazaar   | Bought a wand of hasting (4) for 336 gold pieces
 81388 | Bazaar   | Bought a scroll of acquirement for 364 gold pieces
 81854 | Lair:1   | Learned a level 6 spell: Poisonous Cloud
 82096 | Vaults:2 | You paid a toll of 2 scrolls of acquirement to enter a treasure trove
 82097 | Trove    | Entered a treasure trove
 82187 | Trove    | Got a steaming quick blade
 82188 | Trove    | Identified the +1 quick blade of Interdependent Arising {freeze, rN+} (You found it in a treasure trove)
 82195 | Trove    | Got a crude spear
 82196 | Trove    | Identified the +9 spear of Cairuhup {venom, Str+5} (You found it in a treasure trove)
 82209 | Trove    | Got a warped quick blade
 82210 | Trove    | Identified the +1 quick blade of Floods {drain, *Drain rC++ Int+5} (You found it in a treasure trove)
 82623 | Vaults:1 | Found a blossoming altar of Fedhas.
 83712 | Vaults:2 | Received a gift from Sif Muna
 84644 | Vaults:2 | Reached skill level 5 in Poison Magic
 84645 | Vaults:2 | Reached XP level 20. HP: 132/132 MP: 21/41
 85095 | Vaults:2 | Found a staircase to the Crypt.
 85101 | Crypt:1  | Entered Level 1 of the Crypt
 85823 | Vaults:2 | Reached skill level 18 in Conjurations
 86108 | Vaults:2 | Received a gift from Sif Muna
 86484 | Vaults:2 | Found Urusuaguss's Magic Scroll Emporium.
 86500 | Vaults:2 | Bought a scroll of blinking for 90 gold pieces
 86500 | Vaults:2 | Bought a scroll of blinking for 90 gold pieces
 86500 | Vaults:2 | Bought a scroll of teleportation for 36 gold pieces
 87071 | Vaults:3 | Got a faintly glowing platinum ring
 87073 | Vaults:3 | Identified the ring "Olushrasa" {rF+++ rN+ Int+2 Dex+3} (You found it on level 3 of the Vaults)
 88106 | Vaults:3 | Found Xecsuq's Food Emporium.
 88117 | Vaults:3 | Bought a bread ration for 65 gold pieces
 90068 | Depths:1 | Received a gift from Sif Muna
 90069 | Depths:1 | Identified Sif Muna's Volume of the Compass (Sif Muna gifted it to you on level 1 of the Depths)
 90096 | Depths:1 | Learned a level 1 spell: Apportation
 91663 | Elf:1    | Found Uttehuez's Antique Weapon Emporium.
 91914 | Elf:1    | Noticed a deep elf sorcerer
 91916 | Elf:1    | Killed a deep elf sorcerer
 91922 | Elf:1    | Noticed a deep elf sorcerer
 91963 | Elf:1    | Killed a deep elf sorcerer
 91963 | Elf:1    | Reached XP level 21. HP: 137/137 MP: 39/43
 92238 | Elf:1    | Identified the Handbook of Supportive Damage Dealing (You found it on level 1 of the Elven Halls)
 92244 | Elf:1    | Learned a level 1 spell: Summon Butterflies
 92513 | Elf:2    | Noticed fredomojojo's ghost (adept FoFi)
 92604 | Elf:3    | Entered Level 3 of the Elven Halls
 92736 | Elf:2    | Killed fredomojojo's ghost
 92736 | Elf:2    | Reached skill level 1 in Summonings
 93322 | Elf:2    | Found a huge runed gate.
 93322 | Elf:2    | Found a huge runed gate.
 93323 | Elf:2    | Found a huge runed gate.
 93323 | Elf:2    | Found a huge runed gate.
 93323 | Elf:2    | Found a huge runed gate.
 94383 | Elf:3    | Noticed Nikola
 94393 | Elf:3    | Killed Nikola
 95560 | Elf:3    | Got a scintillating ruby amulet
 95572 | Elf:3    | Identified the amulet "Ufapn" {Ward rF+ rC++ rN+} (You took it off a deep elf mage on level 3 of the Elven Halls)
 95989 | Elf:3    | Got a clouded bronze ring
 95991 | Elf:3    | Identified the ring of Miyxt {+/*Tele rC+ Int+7 Dex-4} (You took it off a deep elf annihilator on level 3 of the Elven Halls)
 96342 | Elf:3    | Got a bound jade ring
 96344 | Elf:3    | Identified the ring "Boli Egi" {rN++ MR+ MP+9 Str-2 SInv} (You took it off a deep elf annihilator on level 3 of the Elven Halls)
 96362 | Elf:3    | Received a gift from Sif Muna
 96364 | Elf:3    | Identified Sif Muna's Catalogue of Lucky Darkness (Sif Muna gifted it to you on level 3 of the Elven Halls)
 96462 | Elf:3    | Reached skill level 10 in Stealth
 96621 | Elf:3    | Got a pair of warped boots
 96632 | Elf:3    | Identified the cursed +0 pair of boots of Xassiq {rCorr Int+4} (You found it on level 3 of the Elven Halls)
 96854 | Elf:3    | Reached skill level 19 in Conjurations
 96991 | Elf:3    | Got an ancient golden ring
 96993 | Elf:3    | Identified the ring "Baarisum" {rPois rF- rN++ Int+2 Dex+3} (You took it off a deep elf annihilator on level 3 of the Elven Halls)
 97235 | Elf:3    | Identified Sif Muna's Volume of the Glacier (You found it on level 3 of the Elven Halls)
 97237 | Elf:3    | Identified the Collected Works on Ashen Conjuration
 97297 | Elf:3    | Got a bloodstained gold dragon armour
 97298 | Elf:3    | Identified the +1 gold dragon armour "Rep Qeo" {-Cast rPois rF+ rC+ MR- Dex+2 Stlth+} (You found it on level 3 of the Elven Halls)
 97322 | Elf:3    | Got a clouded ivory ring
 97324 | Elf:3    | Identified the ring "Ugratz" {SustAt +Inv rElec} (You took it off a deep elf death mage on level 3 of the Elven Halls)
 98186 | Slime:2  | Gained mutation: Armour fits poorly on your strangely shaped body. [a shining eye]
 98444 | Slime:1  | Noticed an azure jelly
 99345 | Depths:1 | Found an iron altar of Okawaru.
 99572 | Depths:2 | Found a one-way gate to the infinite horrors of the Abyss.
100206 | Depths:1 | Found a gateway to Hell.
100334 | Depths:1 | Reached XP level 22. HP: 144/144 MP: 27/45
101866 | Depths:2 | Received a gift from Sif Muna
101874 | Depths:2 | Identified Sif Muna's Handbook of Spatial Companions (Sif Muna gifted it to you on level 2 of the Depths)
102247 | Depths:2 | Found Ybopn's Book Boutique.
102254 | Depths:2 | Found Hiamil's Jewellery Emporium.
102266 | Depths:2 | Found a runed door.
102268 | Depths:2 | Found a runed door.
102649 | Depths:2 | Found Buphixte's Jewellery Emporium.
103535 | Depths:2 | Found Vuvamezosa's General Store.
104382 | Depths:3 | Found a one-way gate leading to the halls of Pandemonium.
104663 | Depths:3 | Found a sparkling altar of Nemelex Xobeh.
104851 | Depths:3 | Noticed a juggernaut
104860 | Depths:3 | Killed a juggernaut
106581 | Depths:3 | Found a runed door.
106621 | Depths:3 | Noticed a juggernaut
106621 | Depths:3 | Found a runed door.
106635 | Depths:3 | Killed a juggernaut
106635 | Depths:3 | Reached XP level 23. HP: 146/153 MP: 20/46
106646 | Depths:3 | Received a gift from Sif Muna
107111 | Depths:3 | Gained mutation: You are frail (-10% HP). [a shining eye]
107614 | Depths:3 | Reached skill level 20 in Conjurations
107774 | Depths:3 | Upgraded the game from 0.17-a0-2127-g1cb09f6 to 0.17-a0-2147-gfb20a63
107858 | Depths:2 | Bought a bread ration for 95 gold pieces
108363 | Depths:3 | Noticed a juggernaut
110257 | Lair:1   | Learned a level 5 spell: Iskenderun's Battlesphere
110261 | Lair:1   | Learned a level 3 spell: Gell's Gravitas
110706 | Crypt:1  | Reached skill level 1 in Hexes
111676 | Depths:3 | Killed from afar by an ice dragon

Vault maps used:
D:1:      onia_arrival_larder, grunt_decor_arrowhead
D:2:      ecumenical_altar_2, first_bread, nicolae_tso_carved_into_rock
D:3:      nicolae_overflow_crystal_walls, nicolae_overflow_hidden_temple,
          uniq_grinder
D:4:      minmay_temple_entry_trees, serial_shops, shop,
          uniq_crazy_yiuf_cottage, uniq_duvessa
D:5:      uniq_eustachio
D:6:      lemuel_doored_altar, nicolae_ossuary_entry_ruins, uniq_pikel
D:7:      grunt_temple_overflow_champion_of_chaos, serial_shops, shop,
          nicolae_dithmenos_the_darkroom
D:8:      lair_0_dummy, serial_shops, shop, uniq_grum, uniq_erica, uniq_maurice
D:9:      fedhas_altar_fruit_tree, vehumet_altar_wand_db, serial_shops,
          nicolae_shop_crystal
D:11:     evilmike_minifort
D:12:     orc_0_dummy, the_bakery, grunt_ministairs_6
D:13:     uniq_sonja
D:14:     minmay_concentric_multi, david_vaults_4, small_statue_intersection,
          uniq_josephine, uniq_urug
D:15:     hangedman_depths_entry_civil_slaughter, hangedman_decor_push,
          spider_trap
Temple:   circular_temple_12
Lair:1:   kennysheep_abandoned_house, minmay_lair_oklob_bushes
Lair:2:   st_stairs_9, grunt_megastairs_3, bh_autumn_forest_stairs
Lair:3:   minivault_19, st_stairs_5
Lair:4:   nicolae_spider_entry_non_spiders, infiniplex_staircase_pool, uniq_maud
Lair:5:   basic_altar
Lair:6:   swamp_mist, dpeg_slime_entry_corner, grunt_megastairs_4
Lair:7:   nicolae_volcano_entry_two_sided
Lair:8:   minmay_lair_end_enchanted_forest, portal_ice_cave_entry_pillars_01,
          serial_bayou_lagoon_a, minivault_23, nicolae_lair_yak_garden,
          lemuel_fruit_fields
Swamp:1:  evilmike_swamp_ruin_rubble_2, uniq_aizul
Swamp:2:  evilmike_swamp_ruin_house_3
Swamp:3:  evilmike_swamp_ruin_rubble_1, swamp_pool1
Swamp:4:  swamp_vile
Spider:2: uniq_wiglaf, uniq_louise
Spider:4: spider_rune_water
Slime:3:  nicolae_slime_phagocytosis
Orc:1:    nicolae_orc_accident_2, nicolae_orc_flooded_monolith,
          guppyfry_library_mini
Orc:2:    serial_shops, nicolae_shop_crystal, lightli_orcish_oven, uniq_rupert
Orc:3:    nicolae_orc_pool_cavern, nicolae_orc_rockfall
Orc:4:    st_orc_pillars, basic_altar, minmay_orc_treasury
Elf:1:    elf_arrival_002, serial_shops, shop, minmay_elf_sorcery,
          grunt_ministairs_9
Elf:2:    spider_trap, nicolae_elf_glass_and_crystal_pillar_2, st_stairs_13,
          lemuel_flamethrower_3, lemuel_elevator, uniq_asterion, uniq_saint_roka
Elf:3:    grunt_elf_hall_diamonds, uniq_nikola
Vaults:1: ontoclasm_vaults_ring_small, vaults_standard_mumra_x, st_octagons_1,
          v_misc_25, vaults_room_semicircle, v_misc_4, vaults_mumra_hexcomb,
          vaults_room_fancy_cross, nicolae_vaults_big_ls,
          nicolae_vaults_circle_grid_b, hangedman_vaults_stretched_pinwheel,
          vaults_standard_mumra_enter_the_diamond,
          nicolae_vaults_twisting_passages, hangedman_vaults_stretched_pinwheel,
          basic_altar
Vaults:2: hangedman_vaults_restitches, nicolae_vaults_ninety_degrees,
          minmay_crypt_entry_simple_statues, vaults_room_ringed_pool,
          vaults_room_large_hall, grunt_vaults_focal,
          dpeg_vaults_pockets_of_resistance, vaults_dpeg_ring, v_misc_18,
          ontoclasm_vaults_fault, v_misc_12, vaults_dpeg_cross,
          nicolae_vaults_disjoint_gnomons, nicolae_trove_entry_free_sample,
          serial_shops, bzr_firewalk, shop
Vaults:3: nicolae_vaults_little_squares_2, v_misc_8, ontoclasm_vaults_twist,
          ontoclasm_vaults_decontamination, ontoclasm_vaults_ring_square,
          v_alt_pattern_2, v_pattern_5, nicolae_vaults_little_squares_2,
          vaults_room_door_ring, serial_shops, shop
Vaults:4: vaults_room_grunt_arrival_checkpoint, nicolae_vaults_triangles,
          nicolae_vaults_little_squares_2, hangedman_vaults_impose,
          vaults_room_semicircle, st_more_cells, v_misc_28,
          nicolae_vaults_yaktaur_gun_rack, ontoclasm_vaults_eye, uniq_boris
Crypt:1:  grunt_crypt_arrival_guarded_gate
Depths:1: okawaru_ov_weapons_minmay, grunt_metal_band,
          kennysheep_generic_room_16, kennysheep_cross_landing
Depths:2: lemuel_troll_bridge, serial_glass, glass_columns_c, glass_columns_a,
          hell_entry, abyss_entry, serial_shops, shop, shop,
          nicolae_shop_crystal, nicolae_shop_behind_doors, kennysheep_nub,
          spider_trap, unseen_surprise_small, infiniplex_staircase_zigzag_2,
          serial_bayou_shore_b, basic_stair_grate_trap
Depths:3: minmay_expanding_circles, lemuel_round_altar, rand_demon_pan_entry_5,
          pf_coc_iceberg
Depths:4: minmay_broken_ring, abyss_entry_crystal, pf_hell_entry_tar_river
Bazaar:   bazaar_jpeg_ribbon
Trove:    trove_weapons_four_rooms
Ossuary:  ossuary_minmay_scorpions
Volcano:  volcano_grotto

Action                   |  1- 3 |  4- 6 |  7- 9 | 10-12 | 13-15 | 16-18 | 19-21 | 22-24 || total
-------------------------+-------+-------+-------+-------+-------+-------+-------+-------++-------
Melee: Unarmed           |    18 |       |       |       |       |       |       |       ||    18
       Spear             |    55 |    15 |     3 |       |       |       |       |       ||    73
       Dagger            |    24 |    91 |   224 |     8 |       |       |       |       ||   347
       Short sword       |     7 |       |       |       |       |       |       |       ||     7
       Quarterstaff      |       |       |    23 |    69 |       |       |       |       ||    92
       Staff             |       |       |       |    57 |    98 |    42 |    76 |     6 ||   279
Throw: Stone             |    11 |     3 |       |       |       |       |       |       ||    14
 Cast: Flame Tongue      |    70 |    86 |   164 |   579 |   531 |   102 |       |       ||  1532
       Throw Flame       |     1 |     8 |    26 |    92 |   153 |    37 |     2 |       ||   319
       Conjure Flame     |       |     9 |    18 |    16 |     9 |       |       |     2 ||    54
       Sticky Flame      |       |       |    26 |    59 |   102 |    86 |    33 |    26 ||   332
       Fireball          |       |       |     8 |    96 |    88 |    78 |    44 |    32 ||   346
       Bolt of Fire      |       |       |       |    15 |   309 |   703 |   665 |   291 ||  1983
       Mephitic Cloud    |       |       |       |     4 |    19 |    13 |       |       ||    36
       Repel Missiles    |       |       |       |     2 |     1 |       |     5 |     2 ||    10
       Blink             |       |       |       |     1 |     2 |     2 |     2 |     1 ||     8
       Lightning Bolt    |       |       |       |       |     1 |    50 |    28 |    32 ||   111
       Delayed Fireball  |       |       |       |       |     1 |     2 |       |       ||     3
       Regeneration      |       |       |       |       |       |    13 |    14 |     6 ||    33
       Orb of Destructio |       |       |       |       |       |    71 |    81 |    66 ||   218
       Iskenderun's Batt |       |       |       |       |       |     6 |       |       ||     6
       Apportation       |       |       |       |       |       |       |     1 |     4 ||     5
       Poisonous Cloud   |       |       |       |       |       |       |     1 |     1 ||     2
       Summon Butterflie |       |       |       |       |       |       |     1 |       ||     1
Invok: Channel Energy    |       |       |       |   272 |   596 |   434 |   514 |   218 ||  2034
       Forget Spell      |       |       |       |       |       |     2 |       |       ||     2
 Abil: Release Delayed F |       |       |       |       |       |     2 |       |       ||     2
Evoke: Wand              |       |       |       |       |       |     3 |       |     8 ||    11
       Lamp of fire      |       |       |       |       |       |     1 |     2 |       ||     3
       Stone of tremors  |       |       |       |       |       |     1 |       |       ||     1
       Phantom mirror    |       |       |       |       |       |     1 |       |       ||     1
  Use: Scroll            |       |     4 |     9 |    18 |    16 |    17 |    18 |     6 ||    88
       Potion            |       |     3 |     3 |     6 |     5 |     1 |     2 |     2 ||    22
 Stab: Sleeping          |     6 |     4 |     3 |       |       |       |       |       ||    13
       Paralysed         |       |       |       |     4 |       |       |       |       ||     4
       Distracted        |       |       |       |       |     1 |       |       |       ||     1
  Eat: Chunk             |     7 |     8 |    18 |    69 |   110 |    57 |    98 |    36 ||   403
       Fruit             |       |     1 |     6 |     5 |    17 |       |     2 |     1 ||    32
       Pizza             |       |     1 |     1 |     2 |     2 |     3 |     1 |     1 ||    11
       Meat ration       |       |       |     2 |     3 |     3 |    14 |     5 |     2 ||    29
       Beef jerky        |       |       |       |     2 |       |     1 |     3 |       ||     6
       Royal jelly       |       |       |       |       |     2 |       |     2 |       ||     4
       Bread ration      |       |       |       |       |       |     7 |     2 |     4 ||    13
